Map: Year Zero LE

Players

PtitDrogo - Winner!

  • Race: Protoss Protoss
  • Spawn Location: 1:00

SortOf

  • Race: Zerg Zerg
  • Spawn Location: 11:00

Event: 2019 WCS Spring

VOD

Have the link to the VOD?

Description

Time

  • Played on: May 17, 2019, 3:24 p.m.
  • Length: 15:39

All games in this series

Show
View Real Time Build Order
Export as new Build Order

PtitDrogo Protoss - Winner!

Build Orders: 1 Gate Expand, Oracle Opening, Zealot Archon 

Get SALT Encoding   

  12  0:00  Probe  
  13  0:12  Probe  
  14  0:19  Pylon  
  14  0:24  Probe  
  15  0:28  Assimilator  
  15  0:35  Probe  
  16  0:43  Probe  
  16  0:44  Gateway  
  17  0:52  Probe  
  19  1:04  Probe  
  19  1:16  Probe  
  20  1:24  Nexus  
  20  1:34  Cybernetics Core  
  20  1:37  Probe  
  21  1:42  Assimilator  
  21  1:49  Probe  
  21  1:53  Pylon  
  22  2:01  Probe, Adept  
  23  2:14  Probe  
  26  2:18  Stargate  
  26  2:21  Warp Gate  
  26  2:26  Probe  
  27  2:31  Stalker  
  27  2:33  Probe  
  27  2:34  Probe  
  30  2:41  Probe  
  30  2:42  Probe  
  31  2:51  Probe  
  33  2:54  Oracle, Probe  
  35  3:03  Probe  
  39  3:06  Probe  
  40  3:14  Pylon  
  40  3:15  Probe  
  40  3:18  Probe  
  42  3:23  Oracle  
  42  3:27  Probe  
  42  3:30  Probe  
  47  3:39  Assimilator, Probe  
  47  3:40  Pylon  
  48  3:42  Assimilator, Probe  
  48  3:45  Gateway  
  49  3:51  Probe  
  49  3:54  Probe  
  54  4:03  Probe  
  54  4:06  Probe, Robotics Facility  
  54  4:09  Sentry  
  55  4:15  Probe  
  56  4:23  Nexus  
  56  4:24  Pylon  
  56  4:33  Probe  
  57  4:39  Probe  
  57  4:43  Sentry  
  57  4:44  Zealot, Twilight Council, Forge  
  62  4:47  Observer  
  62  4:49  Probe  
  62  4:51  Probe  
  62  4:52  Pylon  
  65  5:01  Probe  
  65  5:04  Probe  
  67  5:07  Protoss Ground Weapons Level 1  
  67  5:08  Gateway x2  
  67  5:13  Immortal  
  71  5:16  Probe  
  72  5:22  Charge, Probe  
  72  5:25  Probe, Templar Archives  
  74  5:32  Probe  
  74  5:33  Probe  
  74  5:34  Probe  
  75  5:40  Probe  
  75  5:42  Probe  
  77  5:46  Probe  
  77  5:49  Observer  
  80  5:50  Probe  
  80  5:53  Assimilator  
  80  5:54  Probe  
  80  5:56  Assimilator, Pylon  
  80  5:57  Warp Prism  
  82  5:58  Probe  
  82  6:02  Probe  
  86  6:06  Probe, Gateway  
  86  6:07  Gateway  
  86  6:10  Probe  
  88  6:14  Probe  
  88  6:15  Psionic Storm  
  88  6:17  High Templar x2  
  93  6:18  Probe  
  93  6:20  Gateway  
  93  6:22  Probe  
  93  6:23  Gateway  
  95  6:26  Probe  
  95  6:28  Pylon  
  95  6:31  Probe  
  97  6:34  Probe  
  98  6:44  Pylon  
  98  6:46  Immortal  
  102  6:47  Pylon  
  102  6:49  Gateway  
  102  6:50  High Templar x2  
  102  6:51  High Templar  
  108  6:54  Gateway  
  108  6:55  Photon Cannon  
  108  6:56  Shield Battery  
  108  6:59  Pylon  
  108  7:09  Zealot x3  
  114  7:16  Nexus  
  114  7:19  High Templar, Pylon  
  114  7:20  High Templar  
  118  7:27  Archon  
  118  7:30  Protoss Ground Weapons Level 2  
  118  7:33  Pylon  
  118  7:34  Immortal  
  122  7:40  Stalker  
  122  7:41  Probe  
  122  7:44  Photon Cannon, Probe  
  126  7:46  Shield Battery  
  126  7:49  High Templar  
  126  7:50  Zealot  
  126  7:51  Zealot, High Templar x2  
  132  7:52  Zealot x2  
  132  7:53  Zealot  
  132  7:54  Zealot  
  132  7:55  Archon  
  132  7:57  Probe  
  132  7:58  Probe  
  144  8:02  Pylon  
  144  8:04  Pylon x2  
  144  8:17  Warp Prism  
  144  8:20  Zealot x2  
  144  8:21  Zealot x4  
  152  8:31  Probe x2  
  152  8:32  Assimilator  
  152  8:34  Assimilator  
  152  8:39  Probe x2  
  154  8:42  High Templar x4  
  154  8:43  Zealot x5  
  154  8:46  Archon  
  154  8:47  Archon  
  172  8:49  Probe  
  172  8:52  Fleet Beacon  
  173  9:08  Zealot x2, High Templar x2  
  173  9:09  Zealot  
  183  9:10  Pylon  
  183  9:12  Archon  
  183  9:13  Zealot, Pylon  
  183  9:14  Mothership  
  185  9:22  Probe x3  
  165  9:25  Probe  
  165  9:26  Zealot x4  
  165  9:29  Zealot x2  
  165  9:30  Zealot  
  181  9:37  Probe  
  176  9:50  Probe  
  175  9:58  Probe x2  
  177  10:00  High Templar x3  
  177  10:01  High Templar x3  
  177  10:02  Probe  
  177  10:05  Archon x2  
  177  10:06  Archon  
  188  10:09  Observer  
  188  10:12  Probe x2  
  188  10:13  Photon Cannon  
  190  10:14  Probe  
  190  10:16  Zealot x3  
  190  10:17  Photon Cannon  
  197  10:21  Protoss Ground Weapons Level 3  
  197  10:36  Probe x2  
  197  10:37  Stargate  
  197  10:41  Stargate  
  199  10:49  Tempest  
  199  10:52  Probe  
  199  10:55  Protoss Air Weapons Level 1  
  195  11:05  Zealot x2  
  195  11:08  Nexus  
  195  11:10  Tempest  
  199  11:11  Pylon  
  199  11:16  Warp Prism  
  198  11:35  Zealot  
  198  11:37  Photon Cannon  
  198  11:38  Shield Battery  
  198  11:39  Pylon  
  192  11:41  Zealot x2, Photon Cannon  
  192  11:42  Zealot x2, Photon Cannon  
  192  11:45  Pylon  
  196  12:11  Assimilator  
  196  12:15  Assimilator  
  194  12:16  Dark Shrine  
  194  12:18  Zealot x3  
  200  12:24  Zealot x3  
  200  12:25  Zealot  
  200  12:28  Tempest  
  199  12:31  Warp Prism  
  199  12:32  Photon Cannon  
  199  12:33  Probe  
  199  12:35  Tempest  
  197  12:38  Probe  
  182  12:45  Zealot x10  
  184  13:06  Tempest  
  184  13:07  Nexus  
  184  13:10  Probe  
  173  13:16  Tempest  
  183  13:22  Mothership  
  183  13:25  High Templar x2  
  195  13:27  Pylon  
  195  13:35  Dark Templar x2  
  195  13:39  Dark Templar x2  
  195  13:41  Tempest x2  
  199  13:46  Zealot x4  
  199  13:53  Void Ray  
  152  14:10  Void Ray x2  
  152  14:11  Stargate, Probe  
  152  14:14  Zealot x10, Stargate  
  152  14:16  Stargate  
  171  14:21  Void Ray  
  171  14:23  Archon  
  169  14:33  Warp Prism  
  169  14:37  High Templar x8  
  169  14:38  High Templar x2  
  186  14:41  Archon  
  186  14:42  Archon x3  
  186  14:43  Archon  
  188  14:45  Void Ray  
  188  14:46  Void Ray  
  188  14:50  Void Ray x2  
  184  14:54  Void Ray  
Show
View Real Time Build Order
Export as new Build Order

SortOf Zerg 

Build Orders: Hatch First, Brood Lord Corruptor 

Get SALT Encoding   

  12  0:00  Drone  
  13  0:13  Overlord  
  13  0:17  Drone  
  14  0:31  Drone x2  
  16  0:53  Hatchery  
  16  0:54  Drone  
  16  0:57  Drone  
  17  1:00  Drone  
  18  1:11  Extractor  
  17  1:17  Spawning Pool  
  16  1:20  Drone  
  16  1:25  Drone  
  18  1:28  Drone  
  19  1:41  Drone  
  20  1:49  Overlord  
  20  2:05  Queen x2  
  20  2:06  Zergling x4  
  26  2:12  Drone  
  27  2:16  Drone  
  27  2:22  Drone  
  29  2:29  Drone  
  30  2:31  Metabolic Boost  
  30  2:39  Hatchery  
  30  2:41  Drone  
  30  2:45  Zergling x2  
  30  2:46  Drone  
  30  2:51  Overlord  
  32  2:56  Drone  
  33  3:00  Queen  
  33  3:05  Drone  
  36  3:12  Drone x2  
  38  3:14  Overlord  
  38  3:15  Drone  
  40  3:20  Drone x2  
  40  3:23  Spore Crawler  
  40  3:24  Drone  
  40  3:31  Overlord  
  40  3:34  Queen  
  40  3:39  Drone  
  43  3:42  Drone  
  43  3:43  Spore Crawler  
  43  3:48  Drone  
  44  3:51  Queen  
  44  3:52  Drone x2  
  48  3:56  Evolution Chamber  
  48  3:57  Drone  
  48  3:59  Drone  
  48  4:02  Drone x2  
  51  4:06  Drone  
  51  4:07  Drone  
  53  4:10  Spore Crawler  
  53  4:17  Zergling x4  
  54  4:20  Drone x2  
  54  4:23  Overlord  
  56  4:24  Drone x2  
  56  4:26  Zerg Melee Weapons Level 1  
  55  4:33  Drone  
  55  4:35  Drone x2  
  55  4:36  Drone  
  58  4:40  Overlord  
  58  4:41  Overlord  
  58  4:43  Drone  
  58  4:45  Drone x2  
  61  4:48  Drone  
  62  4:54  Drone x4  
  62  4:57  Lair  
  65  5:05  Zergling x8  
  69  5:10  Baneling Nest  
  69  5:11  Extractor  
  69  5:12  Drone x5  
  72  5:16  Extractor x2, Drone x2  
  71  5:24  Overlord  
  71  5:28  Roach Warren, Drone x4  
  74  5:38  Hatchery  
  74  5:40  Drone x5  
  78  5:46  Extractor x2, Drone x3  
  79  5:52  Overlord  
  79  5:54  Zergling x10  
  79  5:56  Overseer  
  84  5:59  Centrifical Hooks  
  84  6:02  Drone x2  
  84  6:03  Drone  
  87  6:06  Overlord  
  87  6:07  Drone x2  
  89  6:11  Glial Reconstitution  
  89  6:12  Infestation Pit  
  89  6:18  Drone x5  
  90  6:22  Zerg Melee Weapons Level 2  
  90  6:25  Drone  
  94  6:28  Roach x3  
  94  6:32  Roach x2  
  104  6:39  Drone x2  
  105  6:40  Overlord  
  105  6:47  Overlord  
  105  6:48  Overseer  
  105  6:50  Drone  
  105  6:51  Drone x5  
  105  6:52  Extractor  
  105  6:53  Spore Crawler  
  109  6:54  Hive  
  109  6:58  Overseer  
  109  7:02  Spire  
  109  7:05  Drone x5  
  109  7:07  Drone x2  
  109  7:08  Drone  
  110  7:09  Ravager x2  
  110  7:15  Drone x3  
  115  7:16  Zergling x6  
  115  7:17  Zergling x2  
  115  7:21  Ravager x3  
  122  7:23  Extractor  
  122  7:24  Zergling x8  
  122  7:25  Zergling x2  
  122  7:28  Baneling x6  
  126  7:32  Overlord  
  126  7:35  Roach  
  128  7:41  Overlord  
  127  7:44  Overlord  
  127  7:47  Overlord  
  127  7:51  Overlord  
  126  7:54  Roach x4  
  134  8:08  Zergling x26  
  134  8:09  Zergling x8  
  151  8:14  Greater Spire  
  142  8:28  Zergling x26  
  155  8:35  Roach x3  
  155  8:37  Overlord x2  
  155  8:40  Baneling x18  
  161  8:46  Spine Crawler  
  161  8:47  Roach x2, Zergling x2, Spine Crawler  
  161  8:48  Zergling x6  
  167  8:54  Baneling x8  
  167  8:55  Baneling x5  
  166  8:57  Baneling x6  
  166  9:01  Zergling x6  
  167  9:10  Corruptor  
  167  9:11  Corruptor x2  
  173  9:18  Zergling x16  
  171  9:26  Corruptor x2  
  171  9:29  Zergling x8  
  171  9:31  Baneling x5  
  175  9:33  Queen  
  171  9:41  Corruptor x2  
  166  9:46  Zergling x10  
  166  9:51  Brood Lord  
  167  9:58  Overlord  
  163  10:00  Brood Lord x2  
  163  10:06  Drone x6  
  171  10:15  Brood Lord  
  171  10:16  Brood Lord  
  171  10:19  Corruptor x2  
  179  10:27  Zerg Flyer Weapons Level 1, Overlord x2  
  179  10:39  Baneling x4  
  179  10:41  Brood Lord  
  179  10:42  Overlord  
  181  10:44  Zergling x20  
  191  10:52  Brood Lord x2  
  191  10:54  Overlord  
  191  11:04  Spine Crawler x2  
  188  11:13  Overlord  
  185  11:18  Pathogen Glands  
  185  11:20  Overlord  
  185  11:23  Corruptor x5  
  185  11:34  Adrenal Glands  
  185  11:37  Corruptor  
  184  11:43  Drone x2  
  184  11:44  Drone x4  
  186  11:53  Spore Crawler  
  185  11:54  Spine Crawler  
  185  11:56  Brood Lord  
  185  11:58  Viper  
  185  12:00  Hatchery  
  187  12:01  Baneling  
  187  12:02  Baneling  
  187  12:05  Hatchery, Corruptor  
  185  12:15  Corruptor  
  187  12:18  Drone x3  
  187  12:19  Drone  
  183  12:28  Corruptor x2  
  165  12:30  Overlord, Overseer  
  165  12:37  Zergling x10  
  151  12:44  Drone  
  151  12:45  Drone x3  
  151  12:50  Corruptor  
  133  13:14  Corruptor x5  
  133  13:16  Zergling x4  
  145  13:23  Extractor  
  145  13:24  Zergling x8  
  147  13:34  Brood Lord  
  147  13:37  Zergling x8  
  151  13:42  Overseer  
  151  13:44  Hatchery  
  139  14:00  Zergling x4  
  139  14:02  Zergling x12  
  141  14:13  Overseer  
  139  14:28  Infestor x2  
  143  14:35  Overlord  
  134  14:52  Baneling x8  
  104  15:04  Roach x3  
  89  15:15  Roach  
Tags
 
Add a new tag
Caveats
  • Supply blocks, unpowered buildings, or Contaminate may cause inaccurate times.
  • Supply counts are checked every 10 seconds.